 Seeded DCSS version 0.26.1-10-gdfb7c7de75 (webtiles) character file.

Game seed: 13435453013147752700 (custom seed)

191 wilfster70 the Chiller (level 5, -4/30 HPs)
             Began as a Gargoyle Ice Elementalist on Apr 9, 2021.
             Was an Initiate of Okawaru.
             Slain by an ogre
             ... wielding a +0 giant spiked club
              (19 damage)
             ... on level 4 of the Dungeon.
             The game lasted 00:08:26 (2266 turns).

wilfster70 the Chiller (Gargoyle Ice Elementalist)  Turns: 2266, Time: 00:08:26

Health: -4/30      AC:  7    Str: 11    XL:     5   Next: 70%
Magic:  7/10       EV: 11    Int: 17    God:    Okawaru [......]
Gold:   198        SH:  0    Dex: 10    Spells: 6/10 levels left

rFire    + . .     SeeInvis .   a - +0 short sword
rCold    . . .     Faith    .   (no shield)
rNeg     + . .     Spirit   .   c - +0 leather armour
rPois    ∞         Reflect  .   (no helmet)
rElec    +         Harm     .   (no cloak)
rCorr    .         Rampage  .   (no gloves)
Will     .....                  (no boots)
Stlth    ++........             (no amulet)
HPRegen  0.10/turn              f - ring of protection from fire
MPRegen  0.12/turn              (no ring)

@: frozen ramparts
A: negative energy resistance 1, electricity resistance, unbreathing,
petrification resistance, miasma immunity, AC +4
a: Renounce Religion


You were on level 4 of the Dungeon.
You worshipped Okawaru.
Okawaru was noncommittal.
You visited 1 branch of the dungeon, and saw 4 of its levels.

You collected 198 gold pieces.

Inventory:

Hand Weapons
 a - a +0 short sword (weapon)
 o - a cursed -1 hand axe
Armour
 c - a +0 leather armour (worn)
Jewellery
 f - a ring of protection from fire (left hand)
Wands
 t - a wand of random effects (13)
Scrolls
 b - 2 scrolls of teleportation {unknown}
 h - a scroll of enchant weapon {unknown}
 i - a scroll of amnesia {unknown}
 j - a scroll of random uselessness {unknown}
 k - 3 scrolls of identify {unknown}
 l - a scroll of fear {unknown}
 p - 2 scrolls of magic mapping {unknown}
 u - a scroll of blinking {unknown}
 v - a scroll of remove curse {unknown}
Potions
 d - a potion of haste {unknown}
 e - 3 potions of might {unknown}
 g - a potion of mutation {unknown}
 m - 3 potions of degeneration {unknown}
 n - a potion of lignification {unknown}
 q - a potion of flight {unknown}
 r - a potion of cancellation {unknown}
 s - 2 potions of brilliance {unknown}


   Skills:
 + Level 2.0 Fighting
 + Level 2.1 Armour
 - Level 1.5 Dodging
 - Level 2.1 Stealth
 * Level 3.4 Spellcasting
 * Level 5.1 Ice Magic


You had 6 spell levels left.
You knew the following spells:

 Your Spells              Type           Power        Failure   Level
a - Freeze                Ice            80%          2%          1
b - Frozen Ramparts       Ice            40%          9%          3

Your spell library contained the following spells:

 Spells                   Type           Power        Failure   Level
 Ozocubu's Armour         Ice            20%          9%          3
 Magic Dart               Conj           8%           22%         1
 Blink                    Tloc           N/A          32%         2
 Call Imp                 Summ           2%           32%         2
 Slow                     Hex            2%           32%         2
 Conjure Flame            Conj/Fire      2%           54%         3
 Mephitic Cloud           Conj/Pois/Air  2%           54%         3
 Hailstorm                Conj/Ice       11%          61%         4
 Summon Ice Beast         Ice/Summ       11%          61%         4


Dungeon Overview and Level Annotations

Branches:
Dungeon (3/15)

Altars:
Ashenzari
Nemelex Xobeh
Okawaru


Innate Abilities, Weirdness & Mutations

You are resistant to torment.
Your stone body is resilient. (AC +4)
You are immune to poison.
You resist negative energy. (rN+)
You are resistant to electric shocks. (rElec)
You can survive without breathing.
You are immune to petrification.
You are immune to miasma.


Message History

The wall freezes the ogre.
The ogre barely misses you.
You hit the ogre.
The ogre is lightly wounded.
The wall freezes the ogre.
The ogre closely misses you.
You hit the ogre but do no damage.
The ogre is moderately wounded.
You hit the ogre.
The ogre is moderately wounded.
The wall freezes the ogre.
The ogre hits you with a +0 giant spiked club!
You hit the ogre.
The ogre is heavily wounded.
The wall freezes the ogre.
The ogre hits you with a +0 giant spiked club.
You hit the ogre.
The ogre is almost dead.
The wall freezes the ogre.
The ogre hits you with a +0 giant spiked club!!
Ouch! That really hurt!
You die...

# #. .### ?.#
#.# #### #@#
#.##...##O#
#.........#
##..##.##..#
##...#...#..#
............#
##....._....#
............#
###..#...#..#.#


You could see an ogre.

Vanquished Creatures
  An orc wizard (D:3)
  Ijyb (D:3)
  3 gnolls (D:3)
  4 adders
  2 worms
  2 dart slugs (D:2)
  2 leopard geckos
  3 orcs (D:3)
  2 ball pythons
  5 bats
  2 giant cockroaches
  5 goblins
  4 hobgoblins
  6 jackals
  9 kobolds
  A quokka (D:3)
  3 frilled lizards
  7 rats
62 creatures vanquished.

Notes
Turn   | Place    | Note
-------+----------+-------------------------------------------
     0 | D:1      | wilfster70 the Gargoyle Ice Elementalist began the quest
                  | for the Orb.
     0 | D:1      | Reached XP level 1. HP: 10/10 MP: 3/3
    69 | D:1      | Found a broken altar of Ashenzari.
   409 | D:1      | Reached XP level 2. HP: 16/16 MP: 5/5
   706 | D:2      | Reached skill level 1 in Armour
   706 | D:2      | Reached XP level 3. HP: 20/20 MP: 2/6
   750 | D:2      | Reached skill level 1 in Fighting
   831 | D:2      | Learned a level 3 spell: Frozen Ramparts
  1322 | D:2      | Reached XP level 4. HP: 23/25 MP: 4/8
  1550 | D:3      | Noticed Ijyb
  1564 | D:3      | Killed Ijyb
  1709 | D:3      | Reached XP level 5. HP: 23/30 MP: 5/9
  1713 | D:3      | Reached skill level 5 in Ice Magic
  2222 | D:3      | Found a sparkling altar of Nemelex Xobeh.
  2248 | D:3      | You fall into a shaft and drop 1 floor!
  2248 | D:4      | Found an iron altar of Okawaru.
  2248 | D:4      | Noticed an ogre
  2253 | D:4      | Became a worshipper of Warmaster Okawaru
  2266 | D:4      | Slain by an ogre

Illustrated notes

Levels and vault maps discovered:
D:1:      giann_forest_graveyard, layout_rooms, serial_curves, eino_curves_03,
          eino_curves_03, hangedman_abyss_or_decor_stabs,
          nicolae_ashenzari_panopticon
D:2:      layout_rooms
D:3:      layout_basic, chequers_decorated_corner, nemelex_spade_bored_becter,
          uniq_ijyb
D:4:      layout_loops_ring, nicolae_overflow_hidden_temple, okawaru_gym_becter

Skill      XL: |  1  2  3  4  5 |
---------------+----------------+-----
Armour         | 1 2 |  2.1
Fighting       | 1 2 |  2.0
Spellcasting   | 3 |  3.4
Ice Magic      | 5 |  5.1
Dodging        | |  1.5
Stealth        | |  2.1

Action                   |  1- 3 |  4- 6 || total
-------------------------+-------+-------++-------
Melee: Short sword       |    64 |    33 ||    97
 Cast: Freeze            |    17 |       ||    17
       Frozen Ramparts   |     5 |    10 ||    15
 Stab: Sleeping          |     3 |     1 ||     4
Armor: Leather armour    |    29 |    14 ||    43
Dodge: Dodged            |    40 |    23 ||    63
